 Dungeon Crawl Stone Soup version 0.30-a0-137-gd8773701ce (webtiles) character file.

Game seed: 7000633387111147062

675 testman the Conjurer (level 7, -9/50 HPs)
             Began as a Yellow Draconian Conjurer on Sept 22, 2022.
             Was an Initiate of Vehumet.
             Mangled by an orc warrior
             ... wielding a +0 glaive
              (10 damage)
             ... on level 5 of the Dungeon.
             The game lasted 00:26:33 (6224 turns).

testman the Conjurer (Yellow Draconian Conjurer)    Turns: 6224, Time: 00:26:34

Health: -9/50      AC:  8    Str: 15    XL:     7   Next: 33%
Magic:  2/14       EV: 12    Int: 21    God:    Vehumet [......]
Gold:   358        SH:  0    Dex:  9    Spells: 9/16 levels left

rFire   + + +      SeeInvis .    x - +5 hand axe "Ileczarph" {drain, *Slow rElec rPois rF+++}
rCold   . . .      Faith    .    (no shield)
rNeg    . . .      Spirit   .    (body armour unavailable)
rPois   +          Reflect  .    t - +1 hat
rElec   +          Harm     +    s - scarf {harm}
rCorr   +          Rampage  .    a - +0 pair of gloves
Will    .....                    (no boots)
Stlth   ++........               (no amulet)
HPRegen 0.16/turn                d - +6 ring of strength
MPRegen 0.14/turn                (no ring)

@: no status effects
A: spit acid, AC +6, unfitting armour, cold-blooded, acid resistance
a: Breathe Acid, Renounce Religion


You were on level 5 of the Dungeon.
You worshipped Vehumet.
Vehumet was noncommittal.
You visited 2 branches of the dungeon, and saw 6 of its levels.

You collected 358 gold pieces.

Inventory:

Hand Weapons
 g - a +0 dagger
 x - the +5 hand axe "Ileczarph" (weapon) {drain, *Slow rElec rPois rF+++}
   (You found it on level 4 of the Dungeon)

   A truly terrible weapon, it drains the life of any living foe it strikes.
   rF:        It renders you almost immune to fire.
   rElec:     It insulates you from electricity.
   rPois:     It protects you from poison.
   *Slow:     It may slow you when you take damage.
Armour
 a - a +0 pair of gloves (worn)
 s - a scarf of harm (worn)
 t - a +1 hat (worn)
Jewellery
 d - a +6 ring of strength (left hand)
Wands
 y - a wand of polymorph (2)
 C - a wand of charming (6)
Scrolls
 b - a scroll of fear {unknown}
 i - a scroll of brand weapon {unknown}
 j - 3 scrolls of noise {unknown}
 k - 4 scrolls of teleportation {unknown}
 l - a scroll of vulnerability {unknown}
 o - a scroll of enchant armour {unknown}
 p - 3 scrolls of poison {unknown}
 u - a scroll of acquirement {unknown}
 v - 4 scrolls of identify {unknown}
 z - a scroll of butterflies {unknown}
Potions
 c - a potion of attraction {unknown}
 e - a potion of mutation {unknown}
 f - a potion of brilliance {unknown}
 h - a potion of magic
 m - a potion of flight {unknown}
 n - a potion of haste {unknown}
 q - a potion of resistance {unknown}
 r - 3 potions of curing {unknown}
 w - a potion of degeneration {unknown}
 A - a potion of might
 B - a potion of cancellation {unknown}


   Skills:
 - Level 1.7 Dodging
 - Level 1.7 Stealth
 + Level 5.0 Spellcasting
 + Level 6.5 Conjurations
 + Level 3.3 Translocations


You had 9 spell levels left.
You knew the following spells:

 Your Spells              Type           Power      Damage    Failure   Level
a - Magic Dart            Conj           100%       1d8       1%          1
b - Searing Ray           Conj           64%        2d6       1%          2
c - Iskenderun's Mystic   Conj/Tloc      25%        2d7       14%         4

Your spell library contained the following spells:

 Spells                   Type           Power      Damage    Failure   Level
 Dazzling Flash           Conj/Hex       36%        N/A       9%          3
 Fulminant Prism          Conj/Hex       9%         3d7       28%         4


Dungeon Overview and Level Annotations

Branches:
Dungeon (5/15)             Temple (1/1) D:4

Altars:
Ashenzari
Cheibriados
Dithmenos
Elyvilon
Gozag
Hepliaklqana
Kikubaaqudgha
Makhleb
Nemelex Xobeh
Okawaru
Qazlal
Ru
Sif Muna
Trog
Uskayaw
Vehumet
Xom
Yredelemnul
The Shining One


Innate Abilities, Weirdness & Mutations

You can spit globs of acid.
Your golden yellow scales are hard. (AC +6)
You cannot fit into any form of body armour.
You are cold-blooded and may be slowed by cold attacks.
You are resistant to acid. (rCorr)


Message History

The orc warrior is heavily wounded.
The orc warrior hits you with a +0 glaive!
You barely miss the orc warrior.
The orc warrior is heavily wounded.
The orc warrior barely misses you. The orc warrior misses you.
You hit the orc warrior.
The orc warrior is heavily wounded.
The orc warrior closely misses you.
You barely miss the orc warrior.
The orc warrior is heavily wounded.
The orc warrior hits you with a +0 glaive!
You slash the orc warrior!
The orc warrior is severely wounded.
The orc warrior barely misses you.
The orc warrior hits you with a +0 glaive!!
* * * LOW HITPOINT WARNING * * *
Casting: Searing Ray (safe; 1% risk of failure)
Confirm with . or Enter, or press ? or * to list all spells.
The spell is quite dangerous to miscast (14% risk of failure)!
Continue anyway?
You erupt in a blast of force!
The mystic blast hits the orc warrior but does no damage.
The orc warrior is severely wounded.
The orc warrior misses you.
Okay, then.
Okay, then.
Okay, then.
Aiming: Charm
Press: ? - help, Shift-Dir - straight line, f/p - orc warrior
Aim: an orc warrior, wielding a +0 glaive and wearing a +0 chain mail (severely wounded, chance to affect: 49%)
Okay, then.
Unknown command.
You hit the orc warrior but do no damage.
The orc warrior is severely wounded.
The orc warrior hits you with a +0 glaive.
* * * LOW HITPOINT WARNING * * *
You hit the orc warrior but do no damage.
You drain the orc warrior.
The orc warrior is severely wounded.
The orc warrior hits you with a +0 glaive!
You die...

.........###################.....
######...#................##.....
##......#####...............
##....##!..##........######
###...#!....#........#
##.....#)!.[.#.#'##.#.#
#..#+#.#[....#.#.#....# #.##
###+..o##.#.###### ##.# #@#..#..
#..## #....### #...#### ##...#
#......# #...# ##.###.# #...#
#.....## ##...#####..#
####...####............
#............#.....(
##................#.


You could see an orc warrior (drained).

Vanquished Creatures
  A phantom (D:4)
  A necrophage (D:5)
  A scorpion (D:5)
  A gnoll bouda (D:4)
  A hound (D:5)
  4 iguanas
  An orc wizard (D:3)
  8 gnolls
  6 adders
  A white imp (D:5)
  2 ufetubi
  3 worms
  6 dart slugs
  10 orcs
  6 ball pythons
  4 bats
  7 endoplasms
  5 giant cockroaches
  5 goblins
  6 hobgoblins
  4 jackals (D:4)
  5 quokkas
  A frilled lizard (D:3)
  18 kobolds
  9 rats
116 creatures vanquished.

Vanquished Creatures (others)
  An orc wizard (D:3)
1 creature vanquished.

Grand Total: 117 creatures vanquished

Notes
Turn   | Place    | Note
-------+----------+-------------------------------------------
     0 | D:1      | testman the Draconian Conjurer began the quest for the Orb.
     0 | D:1      | Reached XP level 1. HP: 14/14 MP: 3/3
   187 | D:1      | Reached XP level 2. HP: 10/20 MP: 0/5
   492 | D:1      | Learned a level 2 spell: Searing Ray
   796 | D:1      | Reached XP level 3. HP: 26/26 MP: 4/7
  1323 | D:2      | Found a faded altar of an unknown god.
  2033 | D:2      | Reached XP level 4. HP: 33/33 MP: 3/8
  2038 | D:2      | Learned a level 4 spell: Iskenderun's Mystic Blast
  2275 | D:3      | Reached skill level 5 in Conjurations
  2363 | D:3      | Reached skill level 1 in Translocations
  2516 | D:3      | Reached XP level 5. HP: 21/38 MP: 6/9
  3092 | D:3      | Found a basalt altar of Yredelemnul.
  3794 | D:4      | Reached XP level 6. HP: 44/45 MP: 8/12
  4385 | D:4      | Identified the +5 hand axe "Ileczarph" {drain, *Slow rElec
                  | rPois rF+++}
  4425 | D:4      | Reached skill level 6 in Conjurations
  4464 | D:4      | Found a staircase to the Ecumenical Temple.
  4476 | Temple   | Entered the Ecumenical Temple
  4655 | Temple   | Became a worshipper of Vehumet
  5368 | D:5      | Entered Level 5 of the Dungeon
  5539 | D:5      | Found a burning altar of Makhleb.
  5837 | D:5      | Your scales start taking on a golden yellow colour.
  5837 | D:5      | Reached XP level 7. HP: 50/50 MP: 8/14
  5837 | D:5      | Gained mutation: You are resistant to acid. (rCorr) [Yellow
                  | Draconian growth]
  6211 | D:5      | Reached skill level 5 in Spellcasting
  6223 | D:5      | HP: 1/50 [orc warrior/+0 glaive (7)]
  6224 | D:5      | Mangled by an orc warrior

Illustrated notes

Levels and vault maps discovered:
D:1:      minmay_arrival_loop, layout_basic
D:2:      layout_loops_cross, nicolae_ecumenical_pavilion, minmay_heptomino_l4
D:3:      layout_loops_corners, lemuel_coloured_pillars_altar
D:4:      layout_cave_pods, minmay_temple_entry_waves, minmay_misc_feat_rows,
          chequers_serial_rivers_room_b, chequers_serial_rivers_micro_d,
          eino_tiny_chamber, minmay_fractal_squares_5
D:5:      layout_basic, lemuel_doored_altar, st_stairs_3, minmay_joined_circles
Temple:   minmay_crystal_spiral_temple

Skill      XL: |  1  2  3  4  5  6  7 |
---------------+----------------------+-----
Spellcasting   | 3 4 5 |  5.0
Conjurations   | 5 6 |  6.5
Translocations | 2 3 |  3.3
Dodging        | |  1.7
Stealth        | |  1.7

Action                   |  1- 3 |  4- 6 |  7- 9 || total
-------------------------+-------+-------+-------++-------
Melee: Unarmed           |    36 |       |       ||    36
       Whip              |     7 |       |       ||     7
       Tailslap          |     6 |     7 |     1 ||    14
       Dagger            |    32 |    67 |       ||    99
       Hand axe          |       |    15 |     9 ||    24
 Cast: Magic Dart        |    47 |    73 |     9 ||   129
       Searing Ray       |     7 |    18 |     3 ||    28
       Iskenderun's Myst |       |       |     1 ||     1
 Abil: Breathe Acid      |       |       |     1 ||     1
  Use: Potion            |       |     4 |       ||     4
 Stab: Sleeping          |     3 |     7 |       ||    10
Armor: Skin              |    35 |    36 |     1 ||    72
Dodge: Dodged            |    46 |    59 |    14 ||   119

Table legend: (Time is in decaauts)
 A = Elapsed time spent in this place.
 B = Non-inter-level travel time spent in this place.
 C = Inter-level travel time spent in this place.
 D = Time resting spent in this place.
 E = Time spent auto-exploring this place.
 F = Levels seen in this place.
 G = Mean time per level.
                   A        B        C        D        E       F      G
               +--------+--------+--------+--------+--------+-----+--------+
         Total |   6231 |   6010 |    221 |    663 |   4550 |   6 | 1038.5 |
       Dungeon |   5964 |   5830 |    134 |    663 |   4390 |   5 | 1192.8 |
        Temple |    266 |    179 |     87 |      0 |    160 |   1 |  266.0 |
               +--------+--------+--------+--------+--------+-----+--------+

Top non-repeatable levels by time:
     D:4: 1709 daAuts
     D:1: 1322 daAuts
     D:3: 1128 daAuts
     D:2: 945 daAuts
     D:5: 858 daAuts
  Temple: 266 daAuts
